 Dungeon Crawl Stone Soup version 0.30.0 (webtiles) character file.

Game seed: 12185594575014101761

550 alexhoolio the Poker (level 7, -4/61 HPs)
             Began as a Ghoul Gladiator on June 2, 2023.
             Slain by an orc warrior
             ... wielding a +0 dire flail
              (8 damage)
             ... on level 4 of the Dungeon.
             The game lasted 00:14:55 (3824 turns).

alexhoolio the Poker (Ghoul Gladiator)              Turns: 3824, Time: 00:14:56

Health: -4/61      AC: 15    Str: 20    XL:     7   Next: 29%
Magic:  6/6        EV:  6    Int:  3    God:
Gold:   224        SH:  0    Dex: 10    Spells: 6/6 levels left

rFire   + . .        a - +0 trident
rCold   + + .        (no shield)
rNeg    + + +        h - +0 plate armour
rPois   ∞            c - +0 helmet
rElec   .            v - scarf {rC+ rF+}
rCorr   .            b - +0 pair of gloves
SInv    .            p - +2 pair of boots
Will    +....        (no amulet) Stlth
                     l - ring of willpower
HPRegen 0.00/turn    (no ring)
MPRegen 0.10/turn

%: no passive effects
@: inhibited regen
A: claws 1, cold resistance 1, negative energy resistance 3, inhibited
regeneration, torment resistance 2, devour on kill
a: no special abilities


You were on level 4 of the Dungeon.
You visited 1 branch of the dungeon, and saw 5 of its levels.

You collected 224 gold pieces.

Inventory:

Hand Weapons
 a - a +0 trident (weapon)
 o - a +0 sling
Missiles
 d - 4 throwing nets (quivered)
 e - a javelin
 f - 9 poisoned darts
 g - 5 curare-tipped darts
Armour
 b - a +0 pair of gloves (worn)
 c - a +0 helmet (worn)
 h - a +0 plate armour (worn)
 p - a +2 pair of boots (worn)
 v - a scarf of resistance (worn)
Magical Staves
 r - a staff of earth
Jewellery
 l - a ring of willpower (left hand)
Wands
 n - a wand of flame (24)
 t - a wand of mindburst (16)
 y - a wand of roots (2)
Scrolls
 i - a scroll of enchant weapon {unknown}
 j - 5 scrolls of identify {unknown}
 k - 2 scrolls of teleportation {unknown}
 m - a scroll of immolation {unknown}
 u - a scroll of brand weapon {unknown}
Potions
 q - a potion of flight {unknown}
 s - 2 potions of haste {unknown}
 w - a potion of magic {unknown}
 x - a potion of degeneration {unknown}
 z - a potion of curing {unknown}


   Skills:
 + Level 5.1 Fighting
 * Level 6.3 Polearms
 - Level 1.7 Throwing
 - Level 2.6 Dodging


You had 6 spell levels left.
You didn't know any spells.
Your spell library contained the following spells:

 Spells                   Type           Power      Damage    Failure   Level
 Summon Small Mammal      Summ           0%         N/A       100%        1
 Blink                    Tloc           0%         N/A       100%        2
 Ensorcelled Hibernation  Hex/Ice        0%         N/A       100%        2
 Lesser Beckoning         Tloc           0%         N/A       100%        2
 Momentum Strike          Conj/Tloc      0%         3d8       100%        2
 Passwall                 Tmut/Erth      0%         N/A       100%        2
 Call Canine Familiar     Summ           0%         N/A       100%        3
 Ozocubu's Armour         Ice            0%         N/A       100%        3
 Summon Guardian Golem    Hex/Summ       0%         N/A       100%        3
 Swiftness                Air            0%         N/A       100%        3
 Metabolic Englaciation   Hex/Ice        0%         N/A       100%        5
 Simulacrum               Ice/Necr       0%         N/A       100%        6


Dungeon Overview and Level Annotations

Branches:
Dungeon (5/15)
 Temple: D:4-7

Altars:
Fedhas

Shops:
D:5 :

Annotations:
D:3 1 runed translucent door, Vixxxy's ghost, amateur DrFE


Innate Abilities, Weirdness & Mutations

You are immune to poison.
You have sharp fingernails.
Your flesh is cold resistant. (rC+)
You are immune to negative energy. (rN+++)
You do not regenerate when monsters are visible.
You are immune to unholy pain and torment.
You thrive by killing the living.


Message History

The orc warrior hits you with a +0 dire flail!
You are too injured to fight recklessly!
You hit the orc warrior but do no damage.
The orc warrior is heavily wounded.
The orc warrior hits you with a +0 dire flail.
You closely miss the orc warrior.
The orc warrior is heavily wounded.
The orc warrior hits you but does no damage.
You hit the orc warrior.
The orc warrior is severely wounded.
The orc warrior hits you but does no damage.
You hit the orc warrior but do no damage.
The orc warrior is severely wounded.
The orc warrior hits you with a +0 dire flail!
* * * LOW HITPOINT WARNING * * *
You hit the orc warrior but do no damage.
The orc warrior is severely wounded.
The orc warrior hits you with a +0 dire flail.
* * * LOW HITPOINT WARNING * * *
You hit the orc warrior.
The orc warrior is almost dead.
The orc warrior closely misses you.
You closely miss the orc warrior.
The orc warrior is almost dead.
The orc warrior closely misses you.
You hit the orc warrior.
The orc warrior is almost dead.
The orc warrior barely misses you.
You barely miss the orc warrior.
The orc warrior is almost dead.
The orc warrior hits you but does no damage.
You completely miss the orc warrior. Your punch misses the orc warrior.
The orc warrior is almost dead.
The orc warrior hits you with a +0 dire flail!
* * * LOW HITPOINT WARNING * * *
Things that are here:
a +0 robe; a +0 dagger The orc warrior attacks as you move away!
The orc warrior hits you with a +0 dire flail!
You die...

.8.8.8...# #.......... .........#
#..........
.........###############....##...
...........#..#.......##....##...
.......)....#....)....#..........
............#.........#..........
.8.8.8.)#####....##>..##.......<.
########.†.##....##...##....##...
#....##...@##...###########
#..........o...........#...
##.........##...##.....#...
##.........##...##.....'...
#..........#....##....##...
#..........#....########...
##.........##..[##.........
#######...##...##.........
#....................


You could see an orc warrior.

Vanquished Creatures
  A phantom (D:4)
  A scorpion (D:4)
  3 hounds
  3 orc priests
  A jelly (D:4)
  An orc wizard (D:4)
  Ijyb (D:4)
  4 adders
  An ufetubus (D:5)
  5 worms (D:2)
  5 dart slugs
  6 orcs
  8 ball pythons
  8 bats
  5 endoplasms
  6 giant cockroaches
  14 goblins
  2 hobgoblins
  5 jackals (D:2)
  7 kobolds
  3 quokkas
  4 frilled lizards
  3 rats (D:3)
97 creatures vanquished.

Vanquished Creatures (others)
  An orc priest (D:5)
  An iguana (D:5)
  An orc (D:5)
  13 plants (D:5)
16 creatures vanquished.

Grand Total: 113 creatures vanquished

Notes
Turn   | Place    | Note
-------+----------+-------------------------------------------
     0 | D:1      | alexhoolio the Ghoul Gladiator began the quest for the Orb.
     0 | D:1      | Reached XP level 1. HP: 17/17 MP: 0/0
   124 | D:1      | Reached skill level 3 in Polearms
   124 | D:1      | Reached XP level 2. HP: 24/25 MP: 1/1
   556 | D:1      | Reached XP level 3. HP: 30/30 MP: 2/2
  1285 | D:2      | Reached XP level 4. HP: 38/38 MP: 3/3
  1371 | D:2      | Reached skill level 4 in Polearms
  2074 | D:3      | Found a runed translucent door.
  2475 | D:3      | Reached XP level 5. HP: 43/45 MP: 4/4
  2656 | D:3      | Noticed Vixxxy's ghost (amateur DrFE)
  2703 | D:4      | Found a blossoming altar of Fedhas.
  2728 | D:4      | Reached skill level 5 in Polearms
  2728 | D:4      | Reached XP level 6. HP: 52/52 MP: 5/5
  2789 | D:4      | Identified the +8 battleaxe of the Jester {heavy, Will-
                  | Str+6}
  3090 | D:4      | Noticed Ijyb
  3109 | D:4      | Killed Ijyb
  3253 | D:5      | Entered Level 5 of the Dungeon
  3261 | D:5      | Found Loint's Book Boutique.
  3357 | D:5      | Noticed an orc warrior
  3374 | D:5      | Reached skill level 6 in Polearms
  3374 | D:5      | Reached XP level 7. HP: 60/60 MP: 6/6
  3528 | D:4      | Reached skill level 5 in Fighting
  3824 | D:4      | Slain by an orc warrior

Illustrated notes

Levels and vault maps discovered:
D:1:      minmay_arrival_four_houses, layout_basic, nicolae_hexahallways,
          minmay_misc_feat_hallway
D:2:      layout_basic, minmay_indecisive_spiral
D:3:      layout_basic, serial_aquarium, aquarium_bridge_long_separate
          [aquarium_subvault_bridge, aquarium_subvault_wall,
          aquarium_subvault_bridge, aquarium_subvault_wall,
          aquarium_subvault_bridge, aquarium_subvault_balcony],
          aquarium_window_1, aquarium_window_1, aquarium_window_corner,
          aquarium_window_corner, aquarium_view_2f, aquarium_balcony_3b,
          ebering_ghost_reflecting_pool
D:4:      kennysheep_the_goblin_king, layout_gridville,
          nicolae_overflow_hidden_temple, wad_floor_pattern_2,
          chequers_serial_rivers_micro_b
D:5:      layout_cave_pools, xom_confusion_cloud, mainiacjoe_overflow_alcove_3,
          serial_bayou, serial_bayou_pond_b, serial_bayou_lagoon_a,
          serial_bayou_pond_e, serial_bayou_pond_d, serial_shops, shop

Skill      XL: |  1  2  3  4  5  6  7 |
---------------+----------------------+-----
Polearms       | 3 4 5 6 |  6.3
Fighting       | 3 4 5 |  5.1
Throwing       | |  1.7
Dodging        | |  2.6

Action                     |  1- 3 |  4- 6 |  7- 9 || total
---------------------------+-------+-------+-------++-------
  Melee: Trident           |   136 |   216 |    55 ||   407
         Punch             |     2 |     4 |     1 ||     7
 Armour: Plate armour      |    93 |   151 |    58 ||   302
  Dodge: Dodged            |    34 |    46 |    24 ||   104
